 Dungeon Crawl Stone Soup version 0.24-a0-284-g9fb9971 (webtiles) character file.

Game seed: 11987210558433701837

5081 Ijustatesigmund the Basher (level 10, -2/64 HPs)
             Began as an Octopode Fighter on May 6, 2019.
             Was a Believer of Cheibriados.
             Slain by a gnoll sergeant
             ... wielding a +0 spear of electrocution
              (11 damage)
             ... on level 8 of the Dungeon.
             The game lasted 00:16:58 (8047 turns).

Ijustatesigmund the Basher (Octopode Fighter)       Turns: 8047, Time: 00:16:58

Health: -2/64      AC:  1    Str: 22    XL:     10   Next: 57%
Magic:  14/14      EV: 21    Int: 17    God:    Cheibriados [**....]
Gold:   340        SH:  0    Dex: 24    Spells: 8/9 levels left

rFire    . . .     SeeInvis .   a - +5 flail (flame)
rCold    . . .     Gourm    .   b - +4 shield
rNeg     . . .     Faith    .   (helmet restricted)
rPois    .         Spirit   .   (no amulet)
rElec    .         Reflect  .   (no ring)
rCorr    .         Harm     .   (no ring)
MR       .....                  (no ring)
Stlth    +++.......             (no ring)
HPRegen  0.20/turn              (no ring)
MPRegen  0.14/turn              (no ring)
                                (no ring)
                                (no ring)

@: confused, agile, lethally poisoned (-2 -> -3), very slow
A: almost no armour, stealthy swim, amphibious, 8 rings, constrict 8, tentacle
spike 1, camouflage 1, frail 1, strong 1, gelatinous body 1
a: Bend Time, Renounce Religion


You were on level 8 of the Dungeon.
You worshipped Cheibriados.
Cheibriados was pleased with you.
You were not hungry.

You visited 1 branch of the dungeon, and saw 8 of its levels.

You collected 340 gold pieces.

Inventory:

Hand Weapons
 a - a +5 flail of flaming (weapon)
 c - a +1 flail
 v - a +2 morningstar of holy wrath
Missiles
 s - 5 javelins (quivered)
Armour
 b - a +4 shield (worn)
Jewellery
 w - an uncursed ring of fire
Wands
 o - a wand of polymorph (5)
Scrolls
 f - 6 scrolls of teleportation
 g - 4 scrolls of magic mapping
 i - 2 scrolls of identify
 j - 5 scrolls of remove curse
 l - 3 scrolls of immolation
Potions
 e - 2 potions of curing
 h - 2 potions of magic
 k - 4 potions of flight
 m - a potion of ambrosia
 n - a potion of cancellation
 p - a potion of lignification
Comestibles
 d - 9 rations


   Skills:
 - Level 7.8 Fighting
 - Level 9.2 Maces & Flails
 + Level 5.4 Dodging
 - Level 3.7 Stealth
 + Level 5.4 Shields
 - Level 2.7 Translocations
 + Level 6.4 Invocations
 - Level 2.7 Evocations


You had 8 spell levels left.
You knew the following spells:

 Your Spells              Type           Power        Failure   Level  Hunger
a - Apportation           Tloc           #.....       26%         1    ##.....

Your spell library contained the following spells:

 Spells                   Type           Power        Failure   Level  Hunger
 Animate Skeleton         Necr           N/A          63%         1    ##.....
 Confusing Touch          Hex            #.....       63%         1    ##.....
 Summon Butterflies       Summ           #.......     63%         1    ##.....
 Summon Small Mammal      Summ           #...         63%         1    ##.....
 Call Canine Familiar     Summ           #.......     94%         3    ####...
 Summon Ice Beast         Ice/Summ       #.......     100%        4    #####..
 Bolt of Magma            Conj/Fire/Erth #.........   100%        5    ######.
 Iskenderun's Battlesphe  Conj/Chrm      #.......     100%        5    ######.
 Summon Mana Viper        Hex/Summ       #.......     100%        5    ######.
 Venom Bolt               Conj/Pois      #.........   100%        5    ######.
 Iron Shot                Conj/Erth      #.........   100%        6    #######
 Orb of Destruction       Conj           #.........   100%        7    #######
 Spellforged Servitor     Conj/Summ      #.........   100%        7    #######
 Summon Hydra             Summ           #.........   100%        7    #######


Dungeon Overview and Level Annotations

Branches:
Dungeon (8/15)             Temple (0/1) D:5
   Lair: D:8-11

Altars:
Ashenzari
Cheibriados
Dithmenos
Nemelex Xobeh
Okawaru
Sif Muna
Uskayaw
Wu Jian
Xom
The Shining One

Annotations:
D:8 1 transporter, Turkey's ghost, novice FoVM


Innate Abilities, Weirdness & Mutations

You cannot wear most types of armour.
You are very stealthy in the water. (Stealth+)
You are amphibious.
You can wear up to eight rings at the same time.
You can use your tentacles to constrict eight enemies at once.
Your skin changes colour to match your surroundings (Stealth+).
Your rubbery body absorbs attacks. (AC +1, EV +1)
One of your tentacles bears a spike.
You are frail. (-10% HP)
Your muscles are strong. (Str +2)


Message History

* * * LOW HITPOINT WARNING * * *
You feel sick.
* * * LOW HITPOINT WARNING * * *
You are more poisoned.
Turkey's ghost whispers, "There is no future for you."
Turkey's ghost points at you and mumbles some strange words.
The ball explodes into a vile cloud!
The stinking cloud engulfs you but does no damage.
You hear a shout!
Things that are here:
a +0 spear of venom; a throwing net You feel better.
You are engulfed in noxious fumes.
You choke on the stench!
You are confused.
* * * LOW HITPOINT WARNING * * *
x2 You are poisoned.
Turkey's ghost points at you and mumbles some strange words.
The ball explodes into a vile cloud!
The stinking cloud engulfs you but does no damage.
The gnoll sergeant hits you from afar with a +0 spear of electrocution!
You die...

#......≈≈#g..........#≈≈...#
#......≈≈###.##'##g###≈≈...#
#......≈≈..#.#$$$#.#..≈≈...#
....+......≈≈.##g#%.$#.##.≈≈...#
....#......≈≈.#..#[:.#.©#.≈≈...#
....#......≈≈.##g#####.##.≈≈.+##
... ###+##.....#W#8⌠8#.#..≈≈...#
... #.........©#☼☼g©.'.#©.≈≈...#
.. #..........#@#P.P#.#..≈≈...#
## ##.....≈≈.##§##g##.##.≈≈...#
#.....≈≈.#..#Pg.#.g#.≈≈...#
.##.....≈≈.##.#⌠.⌠#.##.≈≈...#
........≈≈..#.#P.g#.#..≈≈...#
........≈≈###.##'##.###≈≈...#
........≈≈#..........g#≈≈...#
........≈≈##.###.###.##≈≈...#
........≈≈#.g#8###8#.g#≈≈...#


You could see 2 gnoll sergeants, Turkey's ghost and a gnoll.

Vanquished Creatures
  Pikel (D:6)
  Grinder (D:4)
  A troll (D:8)
  2 slime creatures (D:5)
  Prince Ribbit (D:6)
  Sigmund (D:2)
  A hungry ghost (D:8)
  Menkaure (D:6)
  A porcupine (D:8)
  A water moccasin (D:7)
  2 orc warriors
  A slave (D:6)
  2 ice beasts
  2 sky beasts
  An ogre (D:6)
  4 centaurs
  A necrophage (D:7)
  A crocodile (D:8)
  2 big kobolds (D:5)
  4 bullfrogs
  3 scorpions
  4 howler monkeys
  3 crimson imps
  A quasit (D:5)
  5 hounds
  5 jellies
  4 orc priests
  3 centaur skeletons
  8 orc wizards
  2 bullfrog skeletons
  4 worker ants
  A hound zombie (D:7)
  A worker ant zombie (D:3)
  6 gnolls
  7 adders
  3 oozes
  A worm (D:5)
  3 dart slugs
  30 orcs
  3 giant cockroaches
  5 goblins
  4 hobgoblins
  5 jackals
  12 kobolds
  3 ball pythons
  A ball python zombie (D:5)
  7 bats
  6 frilled lizards
  A quokka skeleton (D:7)
  2 quokka zombies (D:8)
  8 rats
182 creatures vanquished.

Vanquished Creatures (others)
  A slave (D:6)
  A bullfrog (D:6)
  An adder (D:6)
  4 orcs (D:6)
  3 bushes (D:8)
  13 fungi
  16 plants (D:8)
  8 toadstools (D:5)
47 creatures vanquished.

Grand Total: 229 creatures vanquished

Notes
Turn   | Place    | Note
-------+----------+-------------------------------------------
     0 | D:1      | Ijustatesigmund the Octopode Fighter began the quest for
                  | the Orb.
     0 | D:1      | Reached XP level 1. HP: 16/16 MP: 1/1
    62 | D:1      | Reached XP level 2. HP: 21/21 MP: 2/2
   425 | D:1      | Reached skill level 3 in Maces & Flails
   446 | D:1      | Reached XP level 3. HP: 26/26 MP: 3/3
   938 | D:2      | Reached XP level 4. HP: 33/33 MP: 4/4
  1090 | D:2      | Noticed Sigmund
  1094 | D:2      | Killed Sigmund
  1094 | D:2      | Reached skill level 5 in Maces & Flails
  1094 | D:2      | Reached XP level 5. HP: 25/38 MP: 5/5
  1094 | D:2      | Reached XP level 6. HP: 29/44 MP: 6/6
  1957 | D:3      | Found a shattered altar of Ashenzari.
  2164 | D:3      | Found a shimmering altar of Xom.
  2169 | D:3      | Learned a level 1 spell: Apportation
  2368 | D:4      | Reached skill level 6 in Maces & Flails
  2399 | D:4      | Reached skill level 5 in Fighting
  2399 | D:4      | Reached XP level 7. HP: 50/50 MP: 7/7
  2419 | D:3      | Found an ornate altar of the Wu Jian Council.
  2882 | D:4      | Reached skill level 7 in Maces & Flails
  3069 | D:4      | Noticed Grinder
  3082 | D:4      | Killed Grinder
  3082 | D:4      | Reached XP level 8. HP: 39/57 MP: 8/8
  3565 | D:5      | Entered Level 5 of the Dungeon
  3684 | D:5      | Noticed a slime creature
  3685 | D:5      | Noticed a slime creature
  3696 | D:5      | Killed a slime creature
  3696 | D:5      | Reached skill level 8 in Maces & Flails
  3704 | D:5      | Found a staircase to the Ecumenical Temple.
  4187 | D:5      | Reached XP level 9. HP: 55/63 MP: 9/9
  4751 | D:5      | Reached skill level 5 in Dodging
  4751 | D:5      | Reached skill level 5 in Shields
  4908 | D:5      | Found a snail-covered altar of Cheibriados.
  4926 | D:5      | Became a worshipper of Cheibriados the Contemplative
  5041 | D:6      | Noticed Pikel
  5054 | D:6      | Killed Pikel
  5154 | D:6      | Noticed Prince Ribbit
  5159 | D:6      | Killed Prince Ribbit
  5397 | D:6      | Found a deep blue altar of Sif Muna.
  5416 | D:6      | Identified Sif Muna's Grimoire of the Onion
  5663 | D:6      | Reached skill level 1 in Translocations
  5663 | D:6      | Reached XP level 10. HP: 67/71 MP: 13/13
  5665 | D:6      | Found a glowing golden altar of the Shining One.
  5705 | D:6      | Reached * piety under Cheibriados
  5801 | D:6      | Reached skill level 5 in Invocations
  6088 | D:6      | Noticed Menkaure
  6091 | D:6      | Killed Menkaure
  6470 | D:7      | Found a hide-covered altar of Uskayaw.
  6612 | D:7      | Found an iron altar of Okawaru.
  6652 | D:7      | Found a sparkling altar of Nemelex Xobeh.
  7139 | D:7      | Reached skill level 9 in Maces & Flails
  7400 | D:8      | Gained mutation: You are occasionally teleported next to
                  | monsters. [potion of mutation]
  7400 | D:8      | Gained mutation: One of your tentacles bears a spike.
                  | [potion of mutation]
  7401 | D:8      | Lost mutation: You are occasionally teleported next to
                  | monsters. [potion of mutation]
  7401 | D:8      | Lost mutation: One of your tentacles bears a spike. [potion
                  | of mutation]
  7401 | D:8      | Gained mutation: Your muscles are strong. (Str +2) [potion
                  | of mutation]
  7401 | D:8      | Gained mutation: You are frail. (-10% HP) [potion of
                  | mutation]
  7401 | D:8      | Gained mutation: One of your tentacles bears a spike.
                  | [potion of mutation]
  7426 | D:8      | Reached ** piety under Cheibriados
  7512 | D:7      | Found a shadowy altar of Dithmenos.
  7822 | D:8      | Noticed Turkey's ghost (novice FoVM)
  7833 | D:8      | Found a transporter.
  7905 | D:8      | Identified the cursed +0 scale mail of the Elephant {Str+2}
  7957 | D:8      | Identified the ring "Icestres" {*Drain rPois rN+ Str+4
                  | Dex+2}
  7958 | D:8      | Found a transporter.
  8047 | D:8      | Slain by a gnoll sergeant

Levels and vault maps discovered:
D:1:      dpeg_arrival_short_road, layout_basic, nrook_loot_triangle
D:2:      layout_loops_ring, uniq_sigmund
D:3:      lemuel_upstairs_altar, layout_basic, marbit_many_paths,
          xom_teletrap_fun
D:4:      layout_loops_ring, first_ration, uniq_grinder
D:5:      cheibrodos_fertilizer, layout_basic, minmay_temple_entry_antechambers,
          cheibrodos_worm_habitat
D:6:      layout_loops_ring, led_sif_book, lemuel_doored_altar,
          uniq_prince_ribbit1, uniq_pikel, uniq_menkaure
D:7:      layout_basic, kennysheep_mini, nicolae_overflow_hidden_temple
D:8:      layout_gridville, minmay_lair_entry_grove,
          gammafunk_ghost_gnarly_gnolls

Skill      XL: |  1  2  3  4  5  6  7  8  9 10 |
---------------+-------------------------------+-----
Maces & Flails | 3 5 6 7 8 9 |  9.2
Fighting       | 4 5 6 7 |  7.8
Dodging        | 4 5 |  5.4
Shields        | 4 5 |  5.4
Stealth        | 3 |  3.7
Invocations    | 4 6 |  6.4
Evocations     | 2 |  2.7
Translocations | 1 2 |  2.7

Action                   |  1- 3 |  4- 6 |  7- 9 | 10-12 || total
-------------------------+-------+-------+-------+-------++-------
Melee: Flail             |    45 |    71 |   180 |    75 ||   371
       Tentacles         |    10 |    14 |    43 |    32 ||    99
       Constrict         |    13 |    17 |    37 |    17 ||    84
       Morningstar       |       |       |    19 |    18 ||    37
       Kick              |       |       |       |    22 ||    22
Throw: Javelin           |       |       |     2 |       ||     2
Evoke: Wand              |       |       |       |     2 ||     2
  Use: Scroll            |     4 |     4 |     9 |    12 ||    29
       Potion            |       |     2 |     1 |    11 ||    14
 Stab: Sleeping          |     9 |     3 |     6 |     7 ||    25
       Distracted        |       |       |       |     1 ||     1
  Eat: Chunk             |       |     5 |     5 |     1 ||    11
       Ration            |       |       |     2 |     1 ||     3
Armor: Skin              |     4 |     7 |     3 |       ||    14
Dodge: Dodged            |    14 |    21 |    63 |    39 ||   137
Block: Shield            |    12 |    35 |   105 |    77 ||   229

Table legend:
 A = Non-vault XP
 B = Vault XP
 C = Vault XP percentage of total XP
 D = Non-vault monster count
 E = Vault monster count
 F = Vault count percentage of total count
                 A         B        C        D         E       F
            +---------+---------+-------+---------+---------+-------
      Total |    4459 |    2800 |  38.6 |     152 |      29 |  16.0
            +---------+---------+-------+---------+---------+-------
        D:1 |      42 |       0 |   0.0 |      22 |       0 |   0.0
        D:2 |      71 |     227 |  76.2 |      11 |       1 |   8.3
        D:3 |     440 |       1 |   0.2 |      36 |       1 |   2.7
        D:4 |     313 |     290 |  48.1 |      20 |       1 |   4.8
        D:5 |    1030 |     920 |  47.2 |      19 |      17 |  47.2
        D:6 |     730 |    1164 |  61.5 |      13 |       5 |  27.8
        D:7 |     839 |       0 |   0.0 |      15 |       0 |   0.0
        D:8 |     994 |     198 |  16.6 |      16 |       4 |  20.0
            +---------+---------+-------+---------+---------+-------
